 Dungeon Crawl Stone Soup version 0.23-a0-373-g305c090 (webtiles) character file.

30 BingusPrime the Sneak (level 3, -10/24 HPs)
             Began as an Octopode Assassin on Oct 25, 2018.
             Mangled by Sigmund
             ... wielding a +3 scythe of protection
              (15 damage)
             ... on level 2 of the Dungeon.
             The game lasted 00:03:08 (1071 turns).

BingusPrime the Sneak (Octopode Assassin)           Turns: 1071, Time: 00:03:08

Health: -10/24     AC:  1    Str: 10    XL:     3   Next: 20%
Magic:  3/3        EV: 13    Int: 13    God:
Gold:   71         SH:  0    Dex: 14    Spells: 2/2 levels left

rFire    . . .     SeeInvis .   a - +2 dagger
rCold    . . .     Gourm    .   (no shield)
rNeg     . . .     Faith    .   (helmet restricted)
rPois    .         Spirit   .   (no amulet)
rElec    .         Reflect  .   (no ring)
rCorr    .         Harm     .   (no ring)
MR       .....                  (no ring)
Stlth    ++++......             (no ring)
HPRegen  0.08/turn              (no ring)
MPRegen  0.08/turn              (no ring)
                                (no ring)
                                (no ring)

@: no status effects
A: almost no armour, stealthy swim, amphibious, 8 rings, constrict 8, camouflage
1, gelatinous body 1
a: no special abilities


You were on level 2 of the Dungeon.
You were not hungry.

You visited 1 branch of the dungeon, and saw 3 of its levels.

You collected 71 gold pieces.

Inventory:

Hand Weapons
 a - a +2 dagger (weapon)
 b - a +0 blowgun
Missiles
 c - 23 poisoned needles
 d - 2 curare-tipped needles
 i - 36 stones (quivered)
 j - 6 tomahawks
 k - 22 bolts
Scrolls
 e - 2 scrolls of teleportation {unknown}
 g - 4 scrolls of identify {unknown}
Potions
 h - a potion of curing {unknown}
 l - a potion of invisibility {unknown}
 m - a potion of ambrosia {unknown}
Comestibles
 f - 2 rations


   Skills:
 * Level 2.3 Fighting
 + Level 2.2 Short Blades
 + Level 2.1 Throwing
 + Level 1.0 Dodging
 * Level 6.3 Stealth


You had 2 spell levels left.
You didn't know any spells.
Your spell library was empty.

Dungeon Overview and Level Annotations

Branches:
Dungeon (3/15)

Altars:
Nemelex Xobeh

Annotations:
D:2 Sigmund


Innate Abilities, Weirdness & Mutations

You cannot wear most types of armour.
You are very stealthy in the water. (Stealth+)
You are amphibious.
You can wear up to eight rings at the same time.
You can use your tentacles to constrict eight enemies at once.
Your skin changes colour to match your surroundings (Stealth+).
Your rubbery body absorbs attacks. (AC +1, EV +1)


Message History

There is a stone staircase leading down here.
You climb downwards.
There is a stone staircase leading up here.
Sigmund completely misses you.
You climb upwards.
There is a stone staircase leading down here.
You barely miss Sigmund. You grab Sigmund.
You constrict Sigmund, but do no damage.
Sigmund hits you with a +3 scythe of protection!
Ouch! That really hurt!
* * * LOW HITPOINT WARNING * * *
You hit Sigmund but do no damage. You squeeze Sigmund!
Sigmund is moderately wounded.
You constrict Sigmund, but do no damage.
You hit Sigmund but do no damage. Your squeeze misses Sigmund.
Sigmund is moderately wounded.
You constrict Sigmund, but do no damage.
Sigmund hits you with a +3 scythe of protection!
Ouch! That really hurt!
You die...

#..........+.....#
#..........##..#.#
#..........###)#.#
+..........# #.#.######
#..........# #.........#
#..........###.#.#####.#
#############....##...
#..@....# #.@.##....
#..#....### #.##.##.# #.
.# # #. .# ## .# .. ##


You could see Sigmund.

Vanquished Creatures
  2 dart slugs
  2 leopard geckos
  6 bats
  A giant cockroach (D:1)
  2 goblins (D:1)
  3 hobgoblins
  2 jackals (D:1)
  2 kobolds (D:1)
  2 frilled lizards (D:1)
  A rat (D:1)
23 creatures vanquished.

Notes
Turn   | Place    | Note
-------+----------+-------------------------------------------
     0 | D:1      | BingusPrime the Octopode Assassin began the quest for the
                  | Orb.
     0 | D:1      | Reached XP level 1. HP: 14/14 MP: 1/1
   251 | D:1      | Found a sparkling altar of Nemelex Xobeh.
   330 | D:1      | Reached XP level 2. HP: 15/19 MP: 2/2
   494 | D:1      | Reached skill level 6 in Stealth
   945 | D:2      | Reached XP level 3. HP: 24/24 MP: 3/3
  1060 | D:2      | Noticed Sigmund
  1071 | D:2      | Mangled by Sigmund

Vault maps used:
D:1:      minmay_arrival_stone_box, nemelex_xobeh_ov_fountains_minmay
D:2:      nicolae_overflow_crystal_walls, uniq_sigmund
D:3:      nicolae_ashenzari_panopticon, old_standard_altar, first_ration,
          ebering_ghost_sewer_d, chequers_ecumenical_altar_simple,
          nicolae_qazlal_eye_of_the_storm

Skill      XL: |  1  2 |
---------------+-------+-----
Stealth        | 6 |  6.3
Fighting       | |  2.3
Short Blades   | |  2.2
Throwing       | |  2.1
Dodging        | |  1.0

Action                   || total
-------------------------++-------
Melee: Dagger            ||    33
       Tentacles         ||     8
       Constrict         ||     9
 Fire: Blowgun           ||    23
Throw: Stone             ||     9
 Stab: Sleeping          ||     2
Armor: Skin              ||     3
Dodge: Dodged            ||    23

Table legend:
 A = Non-vault XP
 B = Vault XP
 C = Vault XP percentage of total XP
 D = Non-vault monster count
 E = Vault monster count
 F = Vault count percentage of total count
                 A         B        C        D         E       F
            +---------+---------+-------+---------+---------+-------
      Total |      44 |       0 |   0.0 |      23 |       0 |   0.0
            +---------+---------+-------+---------+---------+-------
        D:1 |      32 |       0 |   0.0 |      17 |       0 |   0.0
        D:2 |      12 |       0 |   0.0 |       6 |       0 |   0.0
            +---------+---------+-------+---------+---------+-------
